 Dungeon Crawl Stone Soup version 0.22-b1-26-g9dbaab1 (webtiles) character file.

4481 Lilu the Destroyer (level 10, -3/64 HPs)
             Began as a Deep Elf Conjurer on Aug 8, 2018.
             Was a Follower of Vehumet.
             Slain by a red ugly thing (21 damage)
             ... on level 9 of the Dungeon.
             The game lasted 00:31:58 (10043 turns).

Lilu the Destroyer (Deep Elf Conjurer)             Turns: 10043, Time: 00:31:59

Health: -3/64      AC:  7    Str: 13    XL:     10   Next: 16%
Magic:  25/33      EV: 18    Int: 22    God:    Vehumet [*.....]
Gold:   484        SH:  0    Dex: 18    Spells: 14/25 levels left

rFire    . . .     SeeInvis .   I - +6 mace of the Fray {drain, Fragile Str+6 Dex+3}
rCold    . . .     Gourm    .   (no shield)
rNeg     . . .     Faith    .   a - +0 robe
rPois    .         Spirit   .   n - +2 helmet
rElec    .         Reflect  .   K - +0 cloak
rCorr    .         Harm     .   y - +0 pair of gloves
MR       +....                  (no boots)
Stlth    ++........             (no amulet)
HPRegen  0.20/turn              L - ring of magical power
MPRegen  0.23/turn              o - ring of flight

@: very slightly contaminated
A: no striking features
a: Renounce Religion, Evoke Flight


You were on level 9 of the Dungeon.
You worshipped Vehumet.
Vehumet was aware of your devotion.
You were not hungry.

You visited 2 branches of the dungeon, and saw 10 of its levels.

You collected 484 gold pieces.

Inventory:

Hand Weapons
 d - a +0 hunting sling
 j - a +1 dagger of venom
 s - a +0 shortbow
 I - the +6 mace of the Fray (weapon) {drain, Fragile Str+6 Dex+3}
   (You found it on level 6 of the Dungeon)

   A truly terrible weapon, it drains the life of those it strikes.
   It affects your strength (+6).
   It affects your dexterity (+3).
   It will be destroyed if unequipped.
Missiles
 e - 169 stones (quivered)
 k - 71 sling bullets
 q - 46 arrows
Armour
 a - a +0 robe (worn)
 n - a +2 helmet (worn)
 y - a +0 pair of gloves (worn)
 K - a +0 cloak (worn)
Jewellery
 o - a ring of flight (right hand)
 L - a ring of magical power (left hand)
Wands
 v - a wand of flame (37)
 D - a wand of acid (10)
 H - a wand of enslavement (11)
Scrolls
 f - 3 scrolls of magic mapping
 h - 2 scrolls of amnesia {unknown}
 p - a scroll of immolation {unknown}
 w - 2 scrolls of fog {unknown}
 x - 2 scrolls of blinking {unknown}
 C - 4 scrolls of teleportation {unknown}
 E - 2 scrolls of identify
 F - 2 scrolls of remove curse
 J - a scroll of noise {unknown}
 O - a scroll of vulnerability {unknown}
Potions
 b - a potion of lignification {unknown}
 g - 3 potions of berserk rage {unknown}
 i - 3 potions of curing {unknown}
 l - 3 potions of agility {unknown}
 m - a potion of might {unknown}
 r - 3 potions of heal wounds {unknown}
 t - a potion of ambrosia {unknown}
 u - a potion of cancellation {unknown}
 z - a potion of resistance {unknown}
 A - a potion of degeneration {unknown}
 B - 3 potions of mutation {unknown}
 G - 2 potions of magic {unknown}
 N - a potion of haste {unknown}
 P - 2 potions of flight {unknown}
Comestibles
 c - 15 rations
 M - 16 chunks of flesh


   Skills:
 - Level 8.0 Fighting
 - Level 8.0 Dodging
 - Level 2.4 Stealth
 - Level 8.0 Spellcasting
 + Level 9.3 Conjurations


You had 14 spell levels left.
You knew the following spells:

 Your Spells              Type           Power        Failure   Level  Hunger
a - Magic Dart            Conj           ####         1%          1    None
b - Searing Ray           Conj           #####.       1%          2    None
c - Iskenderun's Mystic   Conj           #####...     1%          4    ###....
d - Fulminant Prism       Conj/Hex       ####......   11%         4    ###....

Your spell library contained the following spells:

 Spells                   Type           Power        Failure   Level  Hunger
 Apportation              Tloc           #.....       8%          1    None
 Summon Small Mammal      Summ           #...         8%          1    None
 Animate Skeleton         Necr           N/A          8%          1    None
 Confusing Touch          Hex            #.....       8%          1    None
 Dazzling Spray           Conj/Hex       ####..       3%          3    None
 Force Lance              Conj/Tloc      ####....     11%         4    ###....


Dungeon Overview and Level Annotations

Branches:
Dungeon (9/15)             Temple (1/1) D:6             Orc (0/2) D:9
   Lair: D:8-11

Altars:
Ashenzari
Cheibriados
Dithmenos
Elyvilon
Fedhas
Gozag
Hepliaklqana
Kikubaaqudgha
Makhleb
Okawaru
Qazlal
Sif Muna
Trog
Uskayaw
Vehumet
Wu Jian
Xom
Yredelemnul
Zin
The Shining One
Lugonu

Shops:
D:8 (


Message History

The orb of energy explodes!
The mystic blast hits the big kobold.
The big kobold is severely wounded.
The red ugly thing stings you!
You are engulfed in flames!
Casting: Iskenderun's Mystic Blast (safe; 1% risk of failure)
Confirm with . or Enter, or press ? or * to list all spells.
Aiming: Iskenderun's Mystic Blast (safe; 1% risk of failure)
Press: ? - help, Shift-Dir - straight line, f/p - red ugly thing
Aim: a red ugly thing (moderately wounded)
The orb of energy hits the red ugly thing.
The red ugly thing is severely wounded.
The orb of energy explodes!
The mystic blast hits the big kobold.
You kill the big kobold!
Vehumet accepts your kill.
The mystic blast hits the kobold.
You kill the kobold!
Vehumet accepts your kill. The red ugly thing stings you!
* * * LOW HITPOINT WARNING * * *
You are engulfed in flames!!
You die...

#..# #..#
#.. #[.#
#.. #))#
#.. #()#
#.. #(.#
#..###.)#
#....)u.#
#.....@.#
#...###.#
< #...# .#
#..###...#
..
#........#
..#
#........#
..#
#..#####.#
..# .
##..# ..#
##...#


You could see a red ugly thing.

Vanquished Creatures
  Pikel (D:7)
  Maurice (D:8)
  A wraith (D:8)
  Sigmund (D:3)
  Eustachio (D:5)
  Menkaure (D:7)
  2 orc warriors
  An ice beast (D:6)
  A slave (D:7)
  A sky beast (D:8)
  5 ogres (D:7)
  3 centaurs
  A necrophage (D:6)
  A big kobold (D:9)
  A bullfrog (D:6)
  A water moccasin skeleton (D:7)
  11 killer bees
  5 wights (D:5)
  A howler monkey (D:5)
  A crimson imp (D:8)
  Crazy Yiuf (D:7)
  A bullfrog skeleton (D:6)
  8 hounds
  2 jellies
  An orc priest (D:3)
  A centaur skeleton (D:4)
  Terence (D:3)
  2 orc wizards
  2 worker ants
  A killer bee zombie (D:8)
  A hound zombie (D:5)
  2 hound skeletons
  Robin (D:3)
  A howler monkey skeleton (D:6)
  15 adders
  8 gnolls
  3 shadow imps
  2 oozes
  An adder skeleton (D:2)
  3 worms
  3 dart slugs
  5 leopard geckos
  24 orcs
  6 bats
  7 giant cockroaches
  15 goblins
  8 hobgoblins
  10 jackals
  2 quokkas
  2 ball pythons (D:3)
  6 frilled lizards
  11 kobolds
  A leopard gecko skeleton (D:7)
  2 quokka skeletons
  8 rats
208 creatures vanquished.

Vanquished Creatures (others)
  A frilled lizard (D:3)
  4 fulminant prisms
5 creatures vanquished.

Grand Total: 213 creatures vanquished

Notes
Turn   | Place    | Note
-------+----------+-------------------------------------------
     0 | D:1      | Lilu the Deep Elf Conjurer began the quest for the Orb.
     0 | D:1      | Reached XP level 1. HP: 10/10 MP: 6/6
   289 | D:1      | Reached XP level 2. HP: 15/15 MP: 5/8
   299 | D:1      | Learned a level 2 spell: Searing Ray
   311 | D:1      | Reached skill level 5 in Conjurations
   710 | D:2      | Reached XP level 3. HP: 16/19 MP: 0/9
  1299 | D:2      | Reached skill level 6 in Conjurations
  1617 | D:2      | Reached XP level 4. HP: 21/24 MP: 7/10
  2362 | D:3      | Noticed Terence
  2382 | D:3      | Learned a level 4 spell: Iskenderun's Mystic Blast
  2405 | D:3      | Found a glowing silver altar of Zin.
  2408 | D:3      | Noticed an angel
  2410 | D:3      | Found a shimmering altar of Xom.
  2643 | D:3      | Reached skill level 7 in Conjurations
  2643 | D:3      | Reached XP level 5. HP: 19/28 MP: 8/11
  3184 | D:3      | Noticed Robin
  3187 | D:3      | Killed Robin
  3389 | D:3      | Reached skill level 8 in Conjurations
  3389 | D:3      | Reached XP level 6. HP: 12/32 MP: 7/12
  3961 | D:3      | Reached skill level 1 in Fighting
  3972 | D:3      | Noticed Sigmund
  4010 | D:3      | Killed Terence
  4226 | D:3      | Killed Sigmund
  4226 | D:3      | Reached XP level 7. HP: 23/40 MP: 5/13
  4423 | D:4      | Found an opulent altar of Gozag.
  4740 | D:4      | Found a shattered altar of Ashenzari.
  4876 | D:4      | Reached skill level 5 in Dodging
  5271 | D:4      | Found a snail-covered altar of Cheibriados.
  5271 | D:4      | Found a hide-covered altar of Uskayaw.
  5271 | D:4      | Found an ancient bone altar of Kikubaaqudgha.
  5541 | D:5      | Entered Level 5 of the Dungeon
  5989 | D:5      | Reached XP level 8. HP: 44/48 MP: 9/14
  6157 | D:5      | Noticed Eustachio
  6272 | D:5      | Found a bloodstained altar of Trog.
  6279 | D:5      | Found a hazy altar of Hepliaklqana.
  6636 | D:5      | Found a shadowy altar of Dithmenos.
  6780 | D:5      | Killed Eustachio
  7023 | D:6      | Found an ornate altar of the Wu Jian Council.
  7026 | D:6      | Found a staircase to the Ecumenical Temple.
  7035 | Temple   | Entered the Ecumenical Temple
  7051 | Temple   | Became a worshipper of Vehumet
  7085 | D:6      | Reached skill level 5 in Fighting
  7244 | D:6      | Found an iron altar of Okawaru.
  7373 | D:6      | Got a shimmering mace
  7383 | D:6      | Identified the +6 mace of the Fray {drain, Fragile Str+6 Dex+3} (You found it on level 6 of the Dungeon)
  7737 | D:6      | You fall through a shaft!
  7746 | D:7      | Noticed Pikel
  7835 | D:6      | Reached XP level 9. HP: 38/55 MP: 6/15
  8306 | D:7      | Found a runed door.
  8310 | D:7      | Noticed Crazy Yiuf
  8315 | D:7      | Killed Crazy Yiuf
  8419 | D:7      | Noticed Menkaure
  8425 | D:7      | Killed Menkaure
  8425 | D:7      | Reached skill level 5 in Spellcasting
  8842 | D:7      | Killed Pikel
  8951 | D:8      | Noticed Maurice
  8973 | D:8      | Killed Maurice
  9189 | D:8      | Learned a level 4 spell: Fulminant Prism
  9224 | D:8      | Found Ywookiom's Weapon Boutique.
  9247 | D:8      | Reached XP level 10. HP: 48/64 MP: 15/24
  9610 | D:8      | Found a stormy altar of Qazlal.
  9610 | D:8      | Found a deep blue altar of Sif Muna.
  9611 | D:8      | Found a basalt altar of Yredelemnul.
  9774 | D:9      | Reached skill level 9 in Conjurations
  9804 | D:9      | Reached * piety under Vehumet
  9804 | D:9      | Offered knowledge of Sting by Vehumet.
 10000 | D:9      | Found a staircase to the Orcish Mines.
 10033 | D:9      | Noticed a red ugly thing
 10043 | D:9      | Slain by a red ugly thing

Skill      XL: |  1  2  3  4  5  6  7  8  9 10 |
---------------+-------------------------------+-----
Conjurations   | 5 6 7 8 9 |  9.3
Dodging        | 4 6 8 |  8.0
Fighting       | 2 4 6 8 |  8.0
Spellcasting   | 8 |  8.0
Stealth        | |  2.4

Action                   |  1- 3 |  4- 6 |  7- 9 | 10-12 || total
-------------------------+-------+-------+-------+-------++-------
Melee: Dagger            |     3 |    13 |       |       ||    16
       Hunting sling     |       |     1 |       |       ||     1
       Mace              |       |       |    37 |    34 ||    71
 Fire: Hunting sling     |    23 |    83 |    15 |       ||   121
       Shortbow          |       |       |   100 |       ||   100
 Cast: Magic Dart        |    44 |     5 |    26 |    13 ||    88
       Searing Ray       |     4 |    28 |    55 |     5 ||    92
       Iskenderun's Myst |       |       |     2 |     7 ||     9
       Fulminant Prism   |       |       |     1 |     3 ||     4
  Use: Scroll            |     2 |     4 |       |       ||     6
 Stab: Sleeping          |     2 |       |     1 |       ||     3
  Eat: Chunk             |     2 |     9 |    13 |     4 ||    28
       Ration            |       |       |     1 |       ||     1
Armor: Robe              |    10 |    11 |    29 |     9 ||    59
Dodge: Dodged            |    11 |    43 |   167 |    43 ||   264
